 Dungeon Crawl Stone Soup version 0.31-a0-188-g5e087ee2ca (webtiles) character file.

Game seed: 8330113497456979765

200 qw the Skirmisher (level 5, -1/30 HPs)
             Began as a Deep Elf Hunter on June 22, 2023.
             Was an Initiate of Okawaru.
             Slain by an orc wizard
             ... wielding a +0 dagger
              (3 damage)
             ... on level 3 of the Dungeon.
             The game lasted 00:01:06 (2346 turns).

qw the Skirmisher (Deep Elf Hunter)                 Turns: 2346, Time: 00:01:07

Health: -1/30      AC:  7    Str: 10    XL:     5   Next: 48%
Magic:  7/7        EV: 11    Int: 14    God:    Okawaru [......]
Gold:   186        SH:  0    Dex: 18    Spells: 4/4 levels left

rFire   . . .        Y - +0 shortbow
rCold   . . .        (shield currently unavailable)
rNeg    . . .        i - +0 ring mail
rPois   .            j - +0 helmet
rElec   .            (no cloak)
rCorr   .            (no gloves)
SInv    .            b - +0 pair of boots
Will    .....        (no amulet)
Stlth   +            (no ring)
HPRegen 0.25/turn    (no ring)
MPRegen 0.10/turn

%: no passive effects
@: no status effects
A: no striking features
a: Renounce Religion


You were on level 3 of the Dungeon.
You worshipped Okawaru.
Okawaru was noncommittal.
You visited 1 branch of the dungeon, and saw 4 of its levels.

You collected 186 gold pieces.


   Skills:
 + Level 1.6 Fighting
 - Level 9.0 Ranged Weapons
 - Level 2.4 Dodging
 - Level 1.2 Stealth


You had 4 spell levels left.
You didn't know any spells.
Your spell library was empty.

Inventory:

Hand Weapons
 Y - a +0 shortbow (weapon)
Armour
 b - a +0 pair of boots (worn)
 i - a +0 ring mail (worn)
 j - a +0 helmet (worn)
Wands
 d - a wand of digging (2)
Scrolls
 a - a scroll of identify
Potions
 c - a potion of enlightenment
 e - a potion of degeneration {unknown}
 f - a potion of heal wounds
 h - a potion of curing

Dungeon Overview and Level Annotations

Branches:
Dungeon (4/15)
 Temple: D:4-7

Altars:
Fedhas
Okawaru

Shops:
D:1 :

Annotations:
D:2 1 runed translucent door, Crazy Yiuf


Message History

You hear some strange, mumbled words.
You are confused.
You shoot an arrow. Something hits you.
You shoot an arrow. Something hits you but does no damage.
You shoot an arrow. Something hits you but does no damage.
You shoot an arrow. Something hits you but does no damage.
You shoot an arrow. Something hits you.
You shoot an arrow. Something hits you.
You shoot an arrow.
You feel less confused.
You hear some strange, mumbled words.
A puff of flame appears from out of thin air!
The puff of flame hits you. Something hits you.
You shoot an arrow. Something hits you.
You shoot an arrow. Something hits you but does no damage.
You shoot an arrow.
You hear some strange, mumbled words.
Something tries to affect you, but you resist.
You shoot an arrow.
You hear some strange, mumbled words.
Something tries to affect you, but you resist.
You shoot an arrow. Something hits you.
You shoot an arrow. Something hits you but does no damage.
You shoot an arrow. Something hits you but does no damage.
You shoot an arrow. Something hits you.
You shoot an arrow. Something hits you. x2
You die...

..........#._.#.##....#........##
..................<...#.......###
.....<.##.............#.......##.
...................####.#.#......
#####.#.###.........##.....<.#...
# #.#.....##...............#... #
###.##...###.###.#.........##..
###..............{...........#...
##.........#....@).#............#
#......?........[..##...........#
#..........#.................#...
...................#.........##..
...........#.......#.............
...........>...[...............#.
##....P.P..........##............
##....._..##......?##...........)
......P.P.......)%.%.))........#)


There were no monsters in sight!

Vanquished Creatures
  Jessica (D:2)
  9 adders
  2 worms (D:2)
  2 dart slugs (D:1)
  10 orcs (D:3)
  2 ball pythons
  9 bats
  7 endoplasms
  3 giant cockroaches
  8 goblins
  4 hobgoblins
  3 quokkas
  6 frilled lizards
  5 kobolds
  3 rats
74 creatures vanquished.

Notes
Turn   | Place    | Note
-------+----------+-------------------------------------------
     0 | D:1      | qw the Deep Elf Hunter began the quest for the Orb.
     0 | D:1      | Reached XP level 1. HP: 12/12 MP: 3/3
     0 | D:1      | 0 ||| qw: Version: 0.3-a-9-g12657ce
     0 | D:1      | 0 ||| qw: Game counter: 2855
     0 | D:1      | 0 ||| qw: Always use a shield: true
     0 | D:1      | 0 ||| qw: God list: Okawaru
     0 | D:1      | 0 ||| qw: Allow faded altars: false
     0 | D:1      | 0 ||| qw: Do Orc after D:15 true
     0 | D:1      | 0 ||| qw: Do second Lair branch before Depths: true
     0 | D:1      | 0 ||| qw: Lair rune preference: random
     0 | D:1      | 0 ||| qw: Plans: Normal
     0 | D:1      | 0 ||| PLANNING D:1-11
    38 | D:1      | Reached XP level 2. HP: 14/16 MP: 4/4
    67 | D:1      | 67 ||| FLEEEEING.
    77 | D:1      | Reached skill level 6 in Ranged Weapons
   303 | D:1      | Noticed a walking crystal tome
   304 | D:1      | Found Pewul's Book Shoppe.
   306 | D:1      | Noticed a walking earthen tome
   308 | D:1      | 308 ||| UPGRADING to +0 scale mail.
   318 | D:1      | 318 ||| DROPPING +0 leather armour.
   319 | D:1      | 319 ||| UPGRADING to +0 ring mail.
   349 | D:1      | 349 ||| DROPPING +0 scale mail.
   350 | D:1      | 350 ||| UPGRADING to +0 helmet.
   361 | D:1      | 361 ||| READING 2 scrolls labelled XYASIL MEGEBLUG.
   362 | D:1      | 362 ||| READING scroll labelled USSUMONIOSU.
   363 | D:1      | 363 ||| READING scroll labelled LAFOGI GIP VUW.
   364 | D:1      | 364 ||| DRINKING 2 orange potions.
   365 | D:1      | 365 ||| DROPPING scroll of butterflies.
   496 | D:1      | Reached XP level 3. HP: 20/20 MP: 5/5
   936 | D:2      | Reached skill level 7 in Ranged Weapons
  1103 | D:2      | Reached XP level 4. HP: 21/25 MP: 6/6
  1405 | D:2      | Noticed Jessica
  1408 | D:2      | Killed Jessica
  1409 | D:2      | Reached skill level 8 in Ranged Weapons
  1484 | D:2      | Found a runed translucent door.
  1485 | D:2      | Noticed Crazy Yiuf
  1627 | D:2      | 1627 ||| READING scroll labelled HYOJUL ALEP.
  1678 | D:3      | Found an iron altar of Okawaru.
  1679 | D:3      | 1679 ||| PLANNING OKAWARU WORSHIP
  1679 | D:3      | 1679 ||| STAIRDANCE
  1709 | D:3      | 1709 ||| STAIRDANCE
  1749 | D:3      | Became a worshipper of Warmaster Okawaru
  1750 | D:3      | 1750 ||| PLANNING D:1-11
  1810 | D:3      | Reached XP level 5. HP: 29/29 MP: 7/7
  1944 | D:3      | Found a blossoming altar of Fedhas.
  2243 | D:3      | 2243 ||| UPGRADING to +0 pair of boots.
  2248 | D:3      | 2248 ||| READING scroll labelled ERUIMA RAOGIRA.
  2249 | D:3      | 2249 ||| READING scroll labelled ULIQIPSESHA.
  2250 | D:3      | 2250 ||| DRINKING 2 puce potions.
  2251 | D:3      | 2251 ||| READING 2 scrolls of identify.
  2251 | D:3      | 2251 ||| IDENTIFYING red potion
  2284 | D:4      | Reached skill level 9 in Ranged Weapons
  2284 | D:4      | 2284 ||| STAIRDANCE
  2308 | D:4      | 2308 ||| STAIRDANCE
  2337 | D:3      | HP: 7/30 [something (3)]
  2342 | D:3      | HP: 4/30 [something (3)]
  2346 | D:3      | Slain by an orc wizard

Levels and vault maps discovered:
D:1:      minmay_arrival_wavy_path, layout_loops_ring, serial_shops,
          nicolae_shop_mannequins, minmay_hexomino_f4
D:2:      layout_basic, uniq_crazy_yiuf_cottage, uniq_jessica
D:3:      layout_rooms, mainiacjoe_overflow_tiny_flanked, fedhas_altar_1
D:4:      layout_basic, mainiacjoe_overflow_24_doors, minmay_temple_entry_tees,
          gammafunk_ghost_arena

Skill      XL: |  1  2  3  4  5 |
---------------+----------------+-----
Ranged Weapons | 6 7 8 9 |  9.0
Fighting       | |  1.6
Dodging        | |  2.4
Stealth        | |  1.2

Action                     |  1- 3 |  4- 6 || total
---------------------------+-------+-------++-------
   Fire: Shortbow          |    98 |   164 ||   262
    Use: Scroll            |     3 |     4 ||     7
         Potion            |     1 |     1 ||     2
 Armour: Ring mail         |     5 |    52 ||    57
         Leather armour    |     1 |       ||     1
  Dodge: Dodged            |    14 |    48 ||    62

Table legend:
 A = Non-vault XP
 B = Vault XP
 C = Vault XP percentage of total XP
 D = Non-vault monster count
 E = Vault monster count
 F = Vault count percentage of total count
                 A         B        C        D         E       F
            +---------+---------+-------+---------+---------+-------
      Total |     246 |      40 |  14.0 |      71 |       3 |   4.1
            +---------+---------+-------+---------+---------+-------
        D:1 |      39 |       3 |   7.1 |      22 |       2 |   8.3
        D:2 |     101 |      37 |  26.8 |      22 |       1 |   4.3
        D:3 |      92 |       0 |   0.0 |      26 |       0 |   0.0
        D:4 |      14 |       0 |   0.0 |       1 |       0 |   0.0
            +---------+---------+-------+---------+---------+-------
